 Dungeon Crawl Stone Soup version 0.17-a0-2098-gf59d6bc (webtiles) character file.

95 Gruud the Insei (level 4, -1/32 HPs)
             Began as a Demonspawn Transmuter on Oct 17, 2015.
             Was an Initiate of Makhleb.
             Slain by a gnoll
             ... wielding a +0 spear
              (6 damage)
             ... on level 3 of the Dungeon.
             The game lasted 00:07:22 (1993 turns).

Gruud the Insei (Demonspawn Transmuter)             Turns: 1993, Time: 00:07:23

Health: -1/32      AC:  4    Str: 10    XL:     4   Next: 40%
Magic:  0/7        EV: 12    Int: 14    God:    Makhleb [......]
Gold:   47         SH:  0    Dex: 15    Spells: 3 memorised, 1 level left

rFire  . . .     SeeInvis .       - Unarmed
rCold  . . .     Clarity  .     b - +0 robe
rNeg   . . .     SustAt   .     (no shield)
rPois  .         Gourm    .     (helmet restricted)
rElec  .         Spirit   .     e - +0 cloak
rCorr  .         Warding  .     (no gloves)
rMut   +         Stasis   .     (no boots)
MR     .....                    i - amulet of resist mutation
Stlth  +.........               (no ring)
                                (no ring)

@: very slightly contaminated, invisible, not resistant to hostile enchantments,
very unstealthy
A: horns 1, rugged brown scales 1, spiny 1
a: Renounce Religion


You were on level 3 of the Dungeon.
You worshipped Makhleb.
Makhleb was noncommittal.
You were hungry.

You visited 1 branch of the dungeon, and saw 3 of its levels.

You collected 47 gold pieces.

Inventory:

Missiles
 a - 94 arrows
 w - 21 sling bullets
Armour
 b - a +0 robe (worn)
 e - a +0 cloak (worn)
 p - a +0 shield
Jewellery
 i - an amulet of resist mutation (around neck)
Scrolls
 g - a scroll of enchant armour {unknown}
 j - 3 scrolls of fog {unknown}
 n - 2 scrolls of remove curse
 o - a scroll of random uselessness {unknown}
 q - a scroll of recharging {unknown}
 t - a scroll of blinking {unknown}
 v - a scroll of immolation {unknown}
 x - a scroll of amnesia {unknown}
Potions
 h - a potion of magic
 l - a potion of cancellation {unknown}
 m - 2 potions of curing
 s - a potion of haste {unknown}
Books
 c - a book of Changes

   Spells                             Type                      Level
   a - Beastly Appendage              Transmutation                1
   b - Sticks to Snakes               Transmutation                2
   c - Spider Form                    Transmutation/Poison         3
   d - Ice Form                       Ice/Transmutation            4
   e - Blade Hands                    Transmutation                5
Comestibles
 d - 2 bread rations
 f - 2 chunks of flesh
 u - a meat ration


   Skills:
 - Level 1.0 Fighting
 - Level 1.7 Dodging
 * Level 3.7 Unarmed Combat
 - Level 2.0 Spellcasting
 * Level 3.3 Transmutations


You had one spell level left.
You knew the following spells:

 Your Spells              Type           Power        Failure   Level  Hunger
a - Beastly Appendage     Trmt           ##....       10%         1    ##.....
b - Sticks to Snakes      Trmt           ##........   12%         2    ###....
c - Spider Form           Trmt/Pois      #.........   38%         3    ####...


Dungeon Overview and Level Annotations

Branches:
Dungeon (3/15)

Altars:
Makhleb
Zin


Innate Abilities, Weirdness & Mutations

You have a pair of small horns on your head.
You are partially covered in rugged brown scales (AC +1, +3% HP).
You are partially covered in sharp spines.


Message History

Makhleb accepts your kill.
The gnoll hits you from afar with a spear!
The gnoll is struck by your spines. The gnoll hits you with a spear.
You barely miss the gnoll.
The gnoll is heavily wounded.
The gnoll closely misses you.
You hit the gnoll.
The gnoll is heavily wounded.
The gnoll hits you with a spear.
You catch the helpless gnoll completely off-guard!
You hit the gnoll but do no damage. You headbutt the gnoll.
You kill the gnoll!
Makhleb accepts your kill.
The gnoll hits you from afar with a spear!
* * * LOW HITPOINT WARNING * * *
Casting: Spider Form
Confirm with . or Enter, or press ? or * to list all spells.
You miscast Spider Form.
You feel slightly ill. The gnoll barely misses you.
The gnoll is struck by your spines. The gnoll hits you with a spear.
You die...

####.g###.#
#.g..#,,,* #..g###.#
#g...#,,,* #.....#.#
#....#,,,* #.###.#.#
#....#,,,* #.#.#.#g#
#....#,,,* #.#...#.#
#....#,,,, #†#(.<#.#
#....+,,,, #.#####.#
#....#,,,, #..@g...#
#.(..#****
#########*#.........
*,,,,,,..?........
*,,,,......#####.#
*,,........# **,#
*,,........# *,,,
*,,........# *,,,
*,,........# *,**
*,,,,,,,,,,****,**


You could see a gnoll.

Vanquished Creatures
  2 adders
  2 gnolls (D:3)
  An ooze (D:1)
  A worm (D:2)
  A giant gecko (D:1)
  2 ball pythons (D:1)
  4 bats
  2 giant cockroaches
  6 goblins
  8 hobgoblins
  3 jackals (D:1)
  7 kobolds
  2 giant newts (D:2)
  8 rats
49 creatures vanquished.

Vanquished Creatures (collateral kills)
  A worm (D:2)
1 creature vanquished.

Vanquished Creatures (others)
  5 toadstools (D:1)
5 creatures vanquished.

Grand Total: 55 creatures vanquished

Notes
Turn   | Place    | Note
--------------------------------------------------------------
     0 | D:1      | Gruud the Demonspawn Transmuter began the quest for the Orb.
     0 | D:1      | Reached XP level 1. HP: 15/15 MP: 3/3
   333 | D:1      | Gained mutation: You are partially covered in sharp spines. [demonic ancestry]
   333 | D:1      | Reached XP level 2. HP: 18/21 MP: 3/5
   365 | D:1      | Reached skill level 3 in Unarmed Combat
   703 | D:1      | Learned a level 2 spell: Sticks to Snakes
   711 | D:1      | Gained mutation: You are partially covered in rugged brown scales (AC +1, +3% HP). [demonic ancestry]
   711 | D:1      | Reached XP level 3. HP: 18/26 MP: 6/6
   716 | D:1      | Learned a level 3 spell: Spider Form
  1366 | D:2      | Found a burning altar of Makhleb.
  1368 | D:2      | Found a glowing silver altar of Zin.
  1368 | D:2      | Noticed an angel
  1369 | D:2      | Noticed a cacodemon
  1371 | D:2      | Became a worshipper of Makhleb the Destroyer
  1792 | D:3      | Gained mutation: You have a pair of small horns on your head. [demonic ancestry]
  1792 | D:3      | Reached XP level 4. HP: 30/32 MP: 4/7
  1993 | D:3      | Slain by a gnoll

Vault maps used:
D:1:      ldierk_walled_garden, grunt_decor_cap, st_stairs_10
D:2:      grunt_temple_overflow_order_and_chaos_2, serial_bayou_pond_c
D:3:      lemuel_coloured_pillars_altar, ecumenical_altar_1,
          gup_sewer_entry_spiral, okawaru_trees_1, uniq_robin, uniq_purgy

Action                   |  1- 3 |  4- 6 || total
-------------------------+-------+-------++-------
Melee: Unarmed           |    89 |     9 ||    98
 Cast: Beastly Appendage |    10 |       ||    10
       Sticks to Snakes  |     4 |     2 ||     6
  Use: Scroll            |     6 |       ||     6
       Potion            |       |     1 ||     1
 Stab: Sleeping          |     2 |       ||     2
       Distracted        |     1 |       ||     1
       Invisible         |       |     1 ||     1
  Eat: Chunk             |     3 |     1 ||     4
